 Dungeon Crawl Stone Soup version 0.18-a0-1300-g6e8322c (webtiles) character file.

30 Tomstefer the Twirler (level 3, -1/32 HPs)
             Began as a Demonspawn Gladiator on Feb 11, 2016.
             Slain by a hobgoblin (2 damage)
             ... on level 2 of the Dungeon.
             The game lasted 00:04:26 (1666 turns).

Tomstefer the Twirler (Demonspawn Gladiator)        Turns: 1666, Time: 00:04:26

Health: -1/32      AC:  5    Str: 21    XL:     3   Next: 3%
Magic:  3/3        EV: 11    Int:  9    God:
Gold:   51         SH:  0    Dex: 15    Spells: 0 memorised, 2 levels left

rFire  x . .     SeeInvis .     (weapon currently unavailable)
rCold  + + +     Gourm    .     (armour currently unavailable)
rNeg   . . .     Faith    .     (shield currently unavailable)
rPois  +         Spirit   .     (helmet currently unavailable)
rElec  .         Dismiss  .     (cloak currently unavailable)
rCorr  .         Reflect  .     (gloves currently unavailable)
SustAt .         Harm     .     (boots currently unavailable)
MR     .....                    (no amulet)
Stlth  ++........               (no ring)
                                (no ring)

@: mighty, ice-form, slowed, very slow, not resistant to hostile enchantments,
unstealthy
A: thin skeletal structure 1
a: no special abilities


You were on level 2 of the Dungeon.
You were not hungry.
You were a creature of crystalline ice.
You visited 1 branch of the dungeon, and saw 2 of its levels.

You collected 51 gold pieces.

Inventory:

Hand Weapons
 a - a +0 quarterstaff
 j - a +1 whip of electrocution (melded)
Missiles
 d - 3 throwing nets (quivered)
Armour
 b - a +0 leather armour
 c - a +0 helmet (melded)
 e - a +0 pair of boots (melded)
 h - a +0 ring mail (melded)
Scrolls
 g - a scroll of teleportation {unknown}
 i - 3 scrolls of identify {unknown}
 m - a scroll of recharging {unknown}
 n - 2 scrolls of enchant armour {unknown}
Potions
 l - a potion of curing {unknown}
Comestibles
 f - 3 bread rations
 k - 4 chunks of flesh
 p - a beef jerky


   Skills:
 - Level 2.0 Fighting
 * Level 1.2(2.5) Maces & Flails
 - Level 3.4(3.6) Staves
 - Level 1.7 Throwing
 - Level 2.6 Dodging


You had 2 spell levels left.
You didn't know any spells.

Dungeon Overview and Level Annotations

Branches:
Dungeon (2/15)

Altars:

Annotations:
D:2 Natasha


Innate Abilities, Weirdness & Mutations

You have a somewhat thin skeletal structure (Dex +2, Stealth).


Message History

* * * LOW HITPOINT WARNING * * *
You hit the hobgoblin.
The hobgoblin is severely wounded.
The hobgoblin hits you.
* * * LOW HITPOINT WARNING * * *
Natasha stares at you and mumbles some strange words.
You feel as though you will be slow longer.
The hobgoblin hits you.
* * * LOW HITPOINT WARNING * * *
It was a potion of might.
You feel very mighty all of a sudden.
Natasha zaps a wand.
You turn into a creature of crystalline ice.
Your +1 whip of electrocution melds into your body.
Your +0 helmet melds into your body.
Your +0 pair of boots melds into your body.
Your +0 ring mail melds into your body.
Your +1 whip of electrocution stops crackling.
The hobgoblin hits you.
You die...

.# #.# ##.##
#.<.#####
.......
...#.##
########.#...#
......hYg....#
########.#...#
#.# ## #.# #.#
#.# #.#
#######
###########.#
#......
#)........#.#
#.#####


You could see Natasha and a hobgoblin.

Vanquished Creatures
  A giant gecko (D:1)
  2 giant cockroaches
  3 hobgoblins (D:1)
  4 jackals (D:1)
  3 bats (D:1)
  2 giant newts
  4 goblins
  2 kobolds (D:1)
  8 rats (D:1)
29 creatures vanquished.

Notes
Turn   | Place    | Note
--------------------------------------------------------------
     0 | D:1      | Tomstefer the Demonspawn Gladiator began the quest for the Orb.
     0 | D:1      | Reached XP level 1. HP: 16/16 MP: 1/1
    24 | D:1      | Reached skill level 3 in Staves
   384 | D:1      | Gained mutation: You have a somewhat thin skeletal structure (Dex +2, Stealth). [demonic ancestry]
   384 | D:1      | Reached XP level 2. HP: 19/22 MP: 2/2
  1232 | D:1      | Reached skill level 1 in Maces & Flails
  1445 | D:2      | Reached XP level 3. HP: 25/27 MP: 3/3
  1642 | D:2      | Noticed Natasha
  1665 | D:2      | HP: 1/27 [hobgoblin (1)]
  1666 | D:2      | Slain by a hobgoblin

Vault maps used:
D:1:      dpeg_arrival_fog
D:2:      first_bread, uniq_natasha

Action                   || total
-------------------------++-------
Melee: Quarterstaff      ||    46
       Whip              ||    48
  Use: Potion            ||     1
 Stab: Sleeping          ||     1
  Eat: Chunk             ||     2
